 Dungeon Crawl Stone Soup version 0.30-a0-972-gf3ab3527aa (webtiles) character file.

Game seed: 494285748003968625

4 vishdafish the Conjurer (level 1, -2/13 HPs)
             Began as a Demonspawn Conjurer on Mar 31, 2023.
             Slain by a hobgoblin (5 damage)
             ... on level 1 of the Dungeon.
             The game lasted 00:00:35 (158 turns).

vishdafish the Conjurer (Demonspawn Conjurer)        Turns: 158, Time: 00:00:35

Health: -2/13      AC:  2    Str:  7    XL:     1   Next: 50%
Magic:  0/3        EV: 12    Int: 19    God:
Gold:   13         SH:  0    Dex: 11    Spells: 3/4 levels left

rFire   . . .      SeeInvis .    (no weapon)
rCold   . . .      Faith    .    (no shield)
rNeg    . . .      Spirit   .    a - +0 robe
rPois   .          Reflect  .    (no helmet)
rElec   .          Rampage  .    (no cloak)
rCorr   .                        (no gloves)
Will    .....                    (no boots)
Stlth   ++                       (no amulet)
HPRegen 0.22/turn                (no ring)
MPRegen 0.08/turn                (no ring)

@: no status effects
A: no striking features
a: no special abilities


You were on level 1 of the Dungeon.
You visited 1 branch of the dungeon, and saw 1 of its levels.

You collected 13 gold pieces.

Inventory:

Armour
 a - a +0 robe (worn)
Scrolls
 c - a scroll of enchant weapon {unknown}
Potions
 d - a potion of lignification {unknown}
 e - a potion of attraction {unknown}


   Skills:
 - Level 1.7 Dodging
 - Level 1.7 Stealth
 + Level 2.1 Spellcasting
 + Level 4.1 Conjurations


You had 3 spell levels left.
You knew the following spells:

 Your Spells              Type           Power      Damage    Failure   Level
a - Magic Dart            Conj           68%        1d6       3%          1

Your spell library contained the following spells:

 Spells                   Type           Power      Damage    Failure   Level
 Searing Ray              Conj           34%        2d5       4%          2
 Dazzling Flash           Conj/Hex       18%        N/A       22%         3
 Ignite Poison            Fire/Tmut/Pois 2%         N/A       45%         3
 Kindle Blastsparks       Fire/Tloc/Air  4%         2d10      45%         3
 Fulminant Prism          Conj/Hex       4%         3d5       56%         4
 Iskenderun's Mystic Bla  Conj/Tloc      9%         2d4       56%         4
 Freezing Cloud           Conj/Ice/Air   3%         6-21      95%         5


Dungeon Overview and Level Annotations

Branches:
Dungeon (1/15)

Altars:


Message History

The giant cockroach is heavily wounded.
The giant cockroach misses you.
You closely miss the giant cockroach.
The giant cockroach is heavily wounded.
The giant cockroach closely misses you.
You hit the giant cockroach but do no damage.
The giant cockroach is heavily wounded.
The giant cockroach misses you.
You completely miss the giant cockroach.
The giant cockroach is heavily wounded.
The giant cockroach misses you. The giant cockroach bites you.
Aiming: Magic Dart (safe; 3% risk of failure)
Press: ? - help, Q - select action Shift-Dir - straight line, f/p - hobgoblin
Aim: a hobgoblin (severely wounded, 100% to hit)
The magic dart hits the giant cockroach.
You kill the giant cockroach!
Unknown command.
You closely miss the hobgoblin.
The hobgoblin is severely wounded.
The hobgoblin hits you.
* * * LOW HITPOINT WARNING * * *
You hit the hobgoblin.
The hobgoblin is almost dead.
The hobgoblin barely misses you. The hobgoblin attacks as you move away!
The hobgoblin hits you.
* * * LOW HITPOINT WARNING * * *
The hobgoblin attacks as you move away!
The hobgoblin hits you but does no damage.
The hobgoblin attacks as you move away!
The hobgoblin hits you but does no damage.
Aiming: Magic Dart (safe; 3% risk of failure)
Press: ? - help, Q - select action Shift-Dir - straight line, f/p - hobgoblin
Aim: a hobgoblin (almost dead, 100% to hit)
The magic dart hits the hobgoblin but does no damage.
The hobgoblin is almost dead.
The hobgoblin closely misses you.
You hit the hobgoblin but do no damage.
The hobgoblin is almost dead.
The hobgoblin hits you.
You die...

##.......#.....#....#..###.#
#...#...###......##....###.#
#..##.......###.....##..#..#
#.#####.......#....##......#
#...##......#.#.....#..##..#
#...#...##...#....###.##...#
##..##.##.........##..##....#
#...#.####...........##..!..#
#....#†.#.#..@g.......†.....#
#######.#############.#######
... ...# ### #####


You could see a hobgoblin.

Vanquished Creatures
  A ball python (D:1)
  2 giant cockroaches (D:1)
3 creatures vanquished.

Notes
Turn   | Place    | Note
-------+----------+-------------------------------------------
     0 | D:1      | vishdafish the Demonspawn Conjurer began the quest for the
                  | Orb.
     0 | D:1      | Reached XP level 1. HP: 13/13 MP: 3/3
   158 | D:1      | Slain by a hobgoblin

Illustrated notes

Levels and vault maps discovered:
D:1:      matt_arrival_debris, layout_basic, shapermc_ecumenical_altar_gd

Action                     || total
---------------------------++-------
  Melee: Unarmed           ||    34
   Cast: Magic Dart        ||    13
    Use: Potion            ||     1
 Armour: Robe              ||    10
  Dodge: Dodged            ||    40

Table legend: (Time is in decaauts)
 A = Elapsed time spent in this place.
 B = Non-inter-level travel time spent in this place.
 C = Inter-level travel time spent in this place.
 D = Time resting spent in this place.
 E = Time spent auto-exploring this place.
 F = Levels seen in this place.
 G = Mean time per level.
                   A        B        C        D        E       F      G
               +--------+--------+--------+--------+--------+-----+--------+
         Total |    158 |    158 |      0 |      0 |     81 |   1 |  158.0 |
       Dungeon |    158 |    158 |      0 |      0 |     81 |   1 |  158.0 |
               +--------+--------+--------+--------+--------+-----+--------+

Top non-repeatable levels by time:
     D:1: 158 daAuts
